 Dungeon Crawl Stone Soup version 0.30-a0-1124-g6e8f0f562f (webtiles) character file.

Game seed: 456287463951023181

147 Lusmu the Firebug (level 5, -6/35 HPs)
             Began as a Demonspawn Fire Elementalist on Apr 21, 2023.
             Killed by nerve-wracking pain
             ... invoked by an orc priest
              (10 damage)
             ... on level 3 of the Dungeon on Apr 23, 2023.
             The game lasted 00:16:06 (2621 turns).

Lusmu the Firebug (Demonspawn Fire Elementalist)    Turns: 2621, Time: 00:16:08

Health: -6/35      AC: 16    Str:  8    XL:     5   Next: 8%
Magic:  6/9        EV: 12    Int: 20    God:
Gold:   74         SH:  0    Dex: 14    Spells: 6/10 levels left

rFire   . . .        q - +0 mace (protect)
rCold   . . .        (no shield)
rNeg    . . .        a - +0 robe
rPois   .            m - +2 helmet
rElec   .            i - +2 cloak
rCorr   .            (no gloves)
SInv    .            k - +0 pair of boots
Will    .....        (no amulet)
Stlth   ++           (no ring)
HPRegen 0.25/turn    (no ring)
MPRegen 0.11/turn

%: no passive effects
@: under a protective aura, very slightly contaminated
A: hooves 1, powered by death 1, big brain 1
a: no special abilities


You were on level 3 of the Dungeon.
You visited 1 branch of the dungeon, and saw 3 of its levels.

You collected 74 gold pieces.

Inventory:

Hand Weapons
 q - a +0 mace of protection (weapon)
Missiles
 s - 5 silver javelins
Armour
 a - a +0 robe (worn)
 i - a +2 cloak (worn)
 k - a +0 pair of boots (worn)
 l - a +0 ring mail
 m - a +2 helmet (worn)
 o - an orb of wrath
 t - a +0 buckler
Wands
 r - a wand of flame (8)
Scrolls
 c - a scroll of fog {unknown}
 d - a scroll of amnesia
 h - a scroll of poison {unknown}
 n - a scroll of identify {unknown}
Potions
 b - a potion of magic
 f - 3 potions of haste
 g - 2 potions of attraction {unknown}
 j - a potion of mutation {unknown}
 p - 2 potions of curing {unknown}


   Skills:
 - Level 1.7 Dodging
 + Level 3.0 Stealth
 + Level 3.0 Spellcasting
 + Level 2.5 Conjurations
 + Level 3.5 Fire Magic


You had 6 spell levels left.
You knew the following spells:

 Your Spells              Type           Power      Damage    Failure   Level
a - Foxfire               Conj/Fire      60%        2x1d7     4%          1
b - Volatile Blastmotes   Fire/Tloc      20%        2d11      21%         3

Your spell library contained the following spells:

 Spells                   Type           Power      Damage    Failure   Level
 Scorch                   Fire           34%        2d6       4%          2
 Inner Flame              Hex/Fire       10%        N/A       21%         3
 Flame Wave               Conj/Fire      15%        2d7       38%         4
 Anguish                  Hex/Necr       1%         N/A       80%         4
 Enfeeble                 Hex            1%         N/A       100%        7


Dungeon Overview and Level Annotations

Branches:
Dungeon (3/15)

Altars:

Annotations:
D:2 Sigmund


Innate Abilities, Weirdness & Mutations

You have large cloven feet.
You regenerate a little health from kills.
You have an unusually large brain. (Int +2)


Message History

You hit the orc priest but do no damage.
The orc priest is heavily wounded.
The orc hits you but does no damage.
The orc priest hits you but does no damage.
The orc hits you but does no damage.
The orc priest mumbles some strange prayers to Beogh against you.
Beogh smites you!
* * * LOW HITPOINT WARNING * * *
Casting: Foxfire (safe; 4% risk of failure)
Confirm with . or Enter, or press ? or * to list all spells.
You conjure some foxfire!
The orc hits you but does no damage. The orc priest misses you.
You hit the orc priest.
The orc priest is heavily wounded.
The foxfire hits the orc.
The orc is almost dead.
The foxfire hits the orc priest but does no damage.
The orc priest is heavily wounded.
The orc priest hits you with a +0 mace.
* * * LOW HITPOINT WARNING * * *
The orc hits you but does no damage.
Casting: Foxfire (safe; 4% risk of failure)
Confirm with . or Enter, or press ? or * to list all spells.
You conjure some foxfire!
The orc hits you but does no damage. The orc priest barely misses you.
You hit the orc priest but do no damage.
The orc priest is heavily wounded.
The foxfire hits the orc priest.
The orc priest is almost dead.
The foxfire hits the orc priest.
The orc priest is almost dead.
The orc priest closely misses you. The orc closely misses you.
Casting: Foxfire (safe; 4% risk of failure)
Confirm with . or Enter, or press ? or * to list all spells.
You miscast Foxfire.
You are very lightly contaminated with residual magic.
Nothing appears to happen.
The orc hits you but does no damage.
The orc priest invokes the aid of Beogh against you.
Pain shoots through your body!
You die...

######.###.####
..............#
.........[....# #####
..............###...#
.............).....#
................##.#
####.........###.#.###.##
#.#.......# #o.........
#.#######.###@#.###.###
#. ##..o?ยง......
##.#.#.#.### #.##...## #
#.## #.# .#


You could see an orc priest and an orc.

Vanquished Creatures
  Jessica (D:2)
  Terence (D:2)
  3 adders
  A worm (D:2)
  4 dart slugs
  An orc (D:3)
  6 ball pythons
  2 bats
  6 endoplasms
  A giant cockroach (D:1)
  5 goblins
  6 hobgoblins
  7 jackals
  2 frilled lizards
  7 kobolds
  4 rats
57 creatures vanquished.

Vanquished Creatures (others)
  79 foxfires
79 creatures vanquished.

Grand Total: 136 creatures vanquished

Notes
Turn   | Place    | Note
-------+----------+-------------------------------------------
     0 | D:1      | Lusmu the Demonspawn Fire Elementalist began the quest for
                  | the Orb.
     0 | D:1      | Reached XP level 1. HP: 13/13 MP: 3/3
   327 | D:1      | Gained mutation: You have large cloven feet. [demonic
                  | ancestry]
   327 | D:1      | Reached XP level 2. HP: 11/19 MP: 1/5
   816 | D:1      | Gained mutation: You regenerate a little health from kills.
                  | [demonic ancestry]
   816 | D:1      | Reached XP level 3. HP: 18/24 MP: 1/6
  1338 | D:1      | Learned a level 3 spell: Volatile Blastmotes
  1521 | D:2      | Noticed Sigmund
  1809 | D:2      | Gained mutation: You have an unusually large brain. (Int
                  | +2) [demonic ancestry]
  1809 | D:2      | Reached XP level 4. HP: 30/30 MP: 7/7
  1881 | D:2      | Found a faded altar of an unknown god.
  1956 | D:2      | Upgraded the game from 0.30-a0-1114-gd936c97349 to
                  | 0.30-a0-1122-g620db56ad9
  1956 | D:2      | Upgraded the game from 0.30-a0-1122-g620db56ad9 to
                  | 0.30-a0-1124-g6e8f0f562f
  2040 | D:2      | Noticed Terence
  2123 | D:2      | HP: 1/30 [Terence/+0 short sword (6)]
  2125 | D:2      | Killed Terence
  2250 | D:2      | Noticed Jessica
  2265 | D:2      | Killed Jessica
  2561 | D:3      | Reached XP level 5. HP: 19/35 MP: 9/9
  2588 | D:3      | HP: 1/35 [orc priest/divine providence (10)]
  2621 | D:3      | Killed from afar by an orc priest

Illustrated notes

Levels and vault maps discovered:
D:1:      saegor_arrival_simple_a, layout_loops_corners, minmay_surrounded
D:2:      minmay_evil_eye, layout_basic, nicolae_ecumenical_lake_church,
          uniq_jessica, uniq_terence, uniq_sigmund
D:3:      layout_loops_ring, elyvilon_altar_1, grunt_temple_overflow_open,
          uniq_pargi

Skill      XL: |  1  2  3  4  5 |
---------------+----------------+-----
Stealth        | 2 3 |  3.0
Fire Magic     | 3 |  3.5
Conjurations   | 2 |  2.5
Spellcasting   | 3 |  3.0
Dodging        | |  1.7

Action                     |  1- 3 |  4- 6 || total
---------------------------+-------+-------++-------
  Melee: Short sword       |    49 |       ||    49
         Unarmed           |     3 |       ||     3
         Kick              |     4 |       ||     4
         Mace              |    54 |    82 ||   136
         Punch             |       |     1 ||     1
   Cast: Foxfire           |    30 |    25 ||    55
    Use: Scroll            |     1 |       ||     1
         Potion            |       |     5 ||     5
   Stab: Sleeping          |       |     2 ||     2
 Armour: Robe              |    48 |    58 ||   106
  Dodge: Dodged            |   123 |    98 ||   221

Table legend: (Time is in decaauts)
 A = Elapsed time spent in this place.
 B = Non-inter-level travel time spent in this place.
 C = Inter-level travel time spent in this place.
 D = Time resting spent in this place.
 E = Time spent auto-exploring this place.
 F = Levels seen in this place.
 G = Mean time per level.
                   A        B        C        D        E       F      G
               +--------+--------+--------+--------+--------+-----+--------+
         Total |   2671 |   2593 |     78 |    315 |    784 |   3 |  890.3 |
       Dungeon |   2671 |   2593 |     78 |    315 |    784 |   3 |  890.3 |
               +--------+--------+--------+--------+--------+-----+--------+

Top non-repeatable levels by time:
     D:1: 1339 daAuts
     D:2: 1212 daAuts
     D:3: 119 daAuts
